 Dungeon Crawl Stone Soup version 0.24-a0-504-gcfb02b9d07 (webtiles) character file.

Game seed: 8492415588169463009

1811 Inarius the Caller (level 8, -2/51 HPs)
             Began as a Demonspawn Summoner on July 16, 2019.
             Was a Follower of Hepliaklqana.
             Splashed by Joseph's acid (10 damage)
             ... on level 8 of the Dungeon.
             The game lasted 00:18:37 (9397 turns).

Inarius the Caller (Demonspawn Summoner)            Turns: 9397, Time: 00:18:38

Health: -2/51      AC: 11    Str:  9    XL:     8   Next: 84%
Magic:  13/13      EV: 13    Int: 18    God:    Hepliaklqana [*.....]
Gold:   361        SH:  0    Dex: 14    Spells: 0/14 levels left

rFire    . . .     SeeInvis .   i - +0 spear
rCold    + . .     Gourm    .   (no shield)
rNeg     . . .     Faith    .   m - +0 leather armour
rPois    .         Spirit   .   (no helmet)
rElec    +         Reflect  .   (no cloak)
rCorr    .         Harm     .   (no gloves)
MR       .....                  (no boots)
Stlth    ++........             (no amulet)
HPRegen  0.17/turn              u - ring of Robustness {AC+8}
MPRegen  0.13/turn              E - ring of protection from cold

@: corroded
A: reduced essence, claws 2, thin metallic scales 3, demonic guardian 1
a: Recall Ancestor, Ancestor Identity, Renounce Religion


You were on level 8 of the Dungeon.
You worshipped Hepliaklqana.
Hepliaklqana was aware of your devotion.
You were not hungry.

You visited 2 branches of the dungeon, and saw 9 of its levels.
You also visited: Ossuary.

You collected 406 gold pieces.
You spent 45 gold pieces at shops.

Inventory:

Hand Weapons
 i - a +0 spear (weapon)
 n - a +2 whip of freezing
Armour
 m - a +0 leather armour (worn)
 o - a +0 shield
Jewellery
 u - the ring of Robustness (left claw) {AC+8}
   (You found it on level 5 of the Dungeon)

   [ring of protection]

   It affects your AC (+8).
 E - a ring of protection from cold (right claw)
Wands
 h - a wand of acid (7)
 s - a wand of random effects (12)
Scrolls
 f - 3 scrolls of blinking
 g - 3 scrolls of remove curse
 j - 3 scrolls of enchant weapon
 k - 4 scrolls of teleportation
 l - 2 scrolls of enchant armour
 p - a scroll of immolation {unknown}
 y - a scroll of fog
 D - a scroll of amnesia {unknown}
Potions
 b - 3 potions of brilliance {unknown}
 d - 2 potions of resistance
 e - 10 potions of curing
 q - a potion of flight
 r - a potion of might
 t - a potion of mutation {unknown}
 v - 2 potions of heal wounds {unknown}
 w - 3 potions of haste {unknown}
 x - a potion of magic
 z - 2 potions of cancellation {unknown}
 A - 2 potions of agility
 B - 2 potions of ambrosia
Comestibles
 c - 13 rations


   Skills:
 + Level 2.4 Fighting
 + Level 4.7 Polearms
 + Level 2.4 Armour
 + Level 3.3 Dodging
 - Level 1.7 Stealth
 + Level 3.9 Spellcasting
 * Level 7.1 Summonings
 * Level 4.0 Invocations
 * Level 3.4 Evocations


You couldn't memorise any spells.
You knew the following spells:

 Your Spells              Type           Power        Failure   Level  Hunger
a - Summon Small Mammal   Summ           ####         1%          1    None
b - Call Imp              Summ           ####....     1%          2    ##.....
c - Call Canine Familiar  Summ           ####....     3%          3    ###....
d - Summon Lightning Spi  Summ/Air       ###.....     43%         4    ####...
e - Summon Ice Beast      Ice/Summ       ###.....     43%         4    ####...

Your spell library contained the following spells:

 Spells                   Type           Power        Failure   Level  Hunger
 Summon Guardian Golem    Hex/Summ       ###.....     14%         3    ###....


Dungeon Overview and Level Annotations

Branches:
Dungeon (8/15)             Temple (1/1) D:4
   Lair: D:8-11

Altars:
Ashenzari
Cheibriados
Dithmenos
Elyvilon
Gozag
Hepliaklqana
Kikubaaqudgha
Makhleb
Nemelex Xobeh
Okawaru
Trog
Uskayaw
Vehumet
Wu Jian
Xom
Zin
The Shining One

Shops:
D:5 %   D:6 ?

Annotations:
D:8 Joseph


Innate Abilities, Weirdness & Mutations

You have very sharp fingernails.
You are completely covered in thin metallic scales. (AC +4, rElec)
A weak demonic guardian rushes to your aid.
Your life essence is reduced to manifest your ancestor. (-10% HP)


Message History

You hit the wyvern zombie.
You destroy the wyvern zombie!
You swap places.
You start resting.
Your crimson imp disappears in a puff of smoke!
Magic restored.
Found a potion of flight.
Found a stone staircase leading down.
A crocodile and Joseph come into view.
Joseph shouts!
You hear two shouts!
You hear a shout! x3
Joseph unwields a +0 quarterstaff.
Joseph wields a +0 hunting sling.
Joseph shoots a sling bullet.
The sling bullet barely misses you.
You see here a ration.
There are monsters nearby!
Unknown command.
Joseph zaps a wand.
The bolt of acid misses your shadow imp.
The bolt of acid hits you!!
* * * LOW HITPOINT WARNING * * *
The acid corrodes you!
You are splashed with acid!
You die...

........ .....>. . #
........... .. #@
....#.#...
...#.###.#.#....
..t........#...
..!........#..
.......55..#.#
........@.##.#######
........(...........
...#########<######
.. #.....).. #
#.####### #.# #.#
#.# #.#


You could see Joseph, a crocodile, a friendly crimson imp and a friendly shadow
imp.

Vanquished Creatures
  A centaur (D:6)
  A wyvern zombie (D:8)
  A scorpion (D:4)
  A crimson imp (D:7)
  2 hounds (D:6)
  Jessica (D:3)
  An iguana (D:6)
  Natasha (D:3)
  2 worker ants
  2 mummies (Ossuary)
  A worker ant zombie (D:6)
  5 adders
  An ooze (D:3)
  5 adder zombies (Ossuary)
  2 adder skeletons (D:4)
  2 worms
  4 leopard geckos
  7 orcs
  3 giant cockroaches
  2 gnoll zombies (Ossuary)
  3 goblins
  6 hobgoblins
  5 jackals
  2 quokkas
  3 bats
  5 frilled lizards
  A giant cockroach zombie (D:5)
  A hobgoblin zombie (Ossuary)
  A jackal skeleton (D:4)
  7 kobolds
  A kobold zombie (Ossuary)
  A leopard gecko skeleton (D:6)
  An orc zombie (Ossuary)
  A quokka zombie (D:7)
  12 rats
  A plant (D:6)
96 creatures vanquished.

Vanquished Creatures (collateral kills)
  Sigmund (D:3)
  A necrophage (D:7)
  3 ogres (D:7)
  A centaur (D:5)
  2 bullfrogs
  A big kobold (D:6)
  2 water moccasin zombies (Ossuary)
  A scorpion (D:6)
  A howler monkey (D:6)
  3 crimson imps
  A jelly (D:6)
  A centaur skeleton (D:5)
  3 hounds (D:7)
  2 orc wizards
  4 worker ants
  Terence (D:3)
  A killer bee zombie (D:7)
  2 big kobold zombies (Ossuary)
  3 gnolls (D:7)
  5 adders
  A shadow imp (D:7)
  6 adder zombies (Ossuary)
  A worm (D:3)
  A dart slug (D:1)
  A leopard gecko (D:7)
  6 orcs
  2 giant cockroaches
  3 gnoll zombies (Ossuary)
  2 goblins (D:1)
  A jackal (D:1)
  3 quokkas
  3 bats
  2 hobgoblin zombies (Ossuary)
  15 kobolds
  5 kobold zombies (Ossuary)
  4 orc zombies (Ossuary)
  A rat (D:1)
  A plant (D:6)
97 creatures vanquished.

Vanquished Creatures (others)
  6 ancestors
  2 plants (D:6)
8 creatures vanquished.

Grand Total: 201 creatures vanquished

Notes
Turn   | Place    | Note
-------+----------+-------------------------------------------
     0 | D:1      | Inarius the Demonspawn Summoner began the quest for the
                  | Orb.
     0 | D:1      | Reached XP level 1. HP: 13/13 MP: 3/3
   705 | D:1      | Gained mutation: You have sharp fingernails. [demonic
                  | ancestry]
   705 | D:1      | Reached XP level 2. HP: 19/19 MP: 5/5
   740 | D:1      | Learned a level 2 spell: Call Imp
  2005 | D:2      | Gained mutation: You have very sharp fingernails. [demonic
                  | ancestry]
  2005 | D:2      | Reached XP level 3. HP: 22/25 MP: 6/6
  2372 | D:2      | Learned a level 3 spell: Call Canine Familiar
  2951 | D:3      | Reached skill level 1 in Polearms
  3341 | D:3      | Noticed Jessica
  3350 | D:3      | Killed Jessica
  3350 | D:3      | Gained mutation: You are partially covered in thin metallic
                  | scales. (AC +2) [demonic ancestry]
  3350 | D:3      | Reached XP level 4. HP: 27/31 MP: 7/7
  3394 | D:3      | Noticed Sigmund
  3409 | D:3      | Killed Sigmund
  3409 | D:3      | Reached skill level 1 in Fighting
  3409 | D:3      | Reached skill level 5 in Summonings
  3409 | D:3      | Reached XP level 5. HP: 17/37 MP: 1/8
  4193 | D:3      | Noticed Terence
  4204 | D:3      | Killed Terence
  4613 | D:3      | Noticed Natasha
  4623 | D:3      | Killed Natasha
  4982 | D:3      | Found a glowing golden altar of the Shining One.
  5237 | D:3      | Found a burning altar of Makhleb.
  5237 | D:3      | Noticed a green death
  5240 | D:3      | Noticed a hellwing
  5240 | D:3      | Noticed a hellwing
  5300 | D:4      | Found a staircase to the Ecumenical Temple.
  5551 | Temple   | Entered the Ecumenical Temple
  5584 | Temple   | Became a worshipper of Hepliaklqana the Forgotten
  5674 | D:4      | Found a radiant altar of Vehumet.
  5727 | D:4      | Gained mutation: You are mostly covered in thin metallic
                  | scales. (AC +3) [demonic ancestry]
  5727 | D:4      | Reached XP level 6. HP: 22/38 MP: 8/10
  6194 | D:5      | Entered Level 5 of the Dungeon
  6356 | D:5      | Reached skill level 1 in Armour
  6376 | D:5      | Found the ring of Robustness {AC+8}
  6703 | D:5      | Found Noobb's Food Shop.
  6725 | D:5      | Reached skill level 6 in Summonings
  6797 | D:5      | Gained mutation: You are completely covered in thin
                  | metallic scales. (AC +4, rElec) [demonic ancestry]
  6797 | D:5      | Reached XP level 7. HP: 43/43 MP: 11/11
  6848 | D:6      | Found a white marble altar of Elyvilon.
  6981 | D:6      | Found a sand-covered staircase.
  6997 | Ossuary  | Entered an ossuary
  7063 | Ossuary  | Reached skill level 1 in Evocations
  7225 | Ossuary  | Reached skill level 1 in Invocations
  7433 | D:6      | Found Luhucwa's Magic Scroll Emporium.
  7453 | D:6      | Bought a scroll of teleportation for 45 gold pieces
  7489 | D:6      | Gained mutation: A weak demonic guardian rushes to your
                  | aid. [demonic ancestry]
  7489 | D:6      | Reached XP level 8. HP: 28/50 MP: 13/13
  8084 | D:6      | Reached * piety under Hepliaklqana
  8827 | D:7      | Reached skill level 7 in Summonings
  8969 | D:7      | Learned a level 4 spell: Summon Lightning Spire
  8974 | D:7      | Learned a level 4 spell: Summon Ice Beast
  9396 | D:8      | Noticed Joseph
  9397 | D:8      | Splashed by Joseph's acid

Levels and vault maps discovered:
D:1:      onia_arrival_larder, layout_basic, serial_rivers,
          chequers_serial_rivers_room_b, chequers_serial_rivers_micro_d,
          chequers_serial_rivers_micro_e, chequers_serial_rivers_micro_a,
          chequers_serial_rivers_marsh, chequers_serial_rivers_micro_d,
          st_stairs_1, minmay_tetromino_s4
D:2:      layout_loops_ring, roderic_serpentine_path, serial_park_tiny_2
D:3:      layout_loops_corners, nicolae_tso_carved_into_rock,
          makhleb_altar_promises_db, uniq_terence, uniq_natasha, uniq_jessica,
          uniq_sigmund
D:4:      layout_loops_ring, lemuel_round_altar, minmay_temple_entry_wispy,
          minmay_misc_feat_diagonals, chequers_serial_rivers_small_3,
          chequers_decorated_corner
D:5:      layout_basic, first_ration, serial_shops, shop
D:6:      kennysheep_kobold_camp, layout_basic, nicolae_overflow_crystal_walls,
          serial_shops, shop_scrolls, enter_ossuary_5
D:7:      layout_gridville
D:8:      layout_basic, serial_shops, nicolae_shop_crystal, uniq_joseph,
          uniq_harold
Temple:   compressed_dpeg_circular_temple

Skill      XL: |  1  2  3  4  5  6  7  8 |
---------------+-------------------------+-----
Dodging        | 2 3 |  3.3
Polearms       | 1 2 3 4 |  4.7
Fighting       | 1 2 |  2.4
Summonings     | 5 6 7 |  7.1
Armour         | 1 2 |  2.4
Spellcasting   | 3 |  3.9
Evocations     | 1 3 |  3.4
Invocations    | 2 4 |  4.0
Stealth        | |  1.7

Action                   |  1- 3 |  4- 6 |  7- 9 || total
-------------------------+-------+-------+-------++-------
Melee: Unarmed           |    42 |       |       ||    42
       Dagger            |    16 |       |       ||    16
       Spear             |   127 |   213 |   439 ||   779
 Cast: Summon Small Mamm |    10 |       |       ||    10
       Call Imp          |    10 |    19 |    20 ||    49
       Call Canine Famil |       |     2 |     5 ||     7
Invok: Recall Ancestor   |       |       |     1 ||     1
       Ancestor Identity |       |       |     1 ||     1
Evoke: Wand              |       |     1 |       ||     1
  Use: Scroll            |       |     3 |    10 ||    13
 Stab: Sleeping          |     7 |     5 |     2 ||    14
       Distracted        |     2 |     2 |     3 ||     7
  Eat: Chunk             |     8 |     9 |    11 ||    28
       Ration            |       |     1 |       ||     1
Armor: Robe              |    40 |     4 |       ||    44
       Leather armour    |       |    38 |   125 ||   163
Dodge: Dodged            |   137 |    86 |   196 ||   419

Table legend:
 A = Non-vault XP
 B = Vault XP
 C = Vault XP percentage of total XP
 D = Non-vault monster count
 E = Vault monster count
 F = Vault count percentage of total count
                 A         B        C        D         E       F
            +---------+---------+-------+---------+---------+-------
      Total |    1976 |     612 |  23.6 |     120 |      71 |  37.2
            +---------+---------+-------+---------+---------+-------
        D:1 |      27 |      10 |  27.0 |      19 |      10 |  34.5
        D:2 |      35 |       0 |   0.0 |      11 |       0 |   0.0
        D:3 |     109 |     184 |  62.8 |      27 |       4 |  12.9
        D:4 |     105 |       0 |   0.0 |       7 |       0 |   0.0
        D:5 |     263 |       0 |   0.0 |      16 |       0 |   0.0
        D:6 |     563 |     117 |  17.2 |      18 |      21 |  53.8
        D:7 |     796 |       0 |   0.0 |      21 |       0 |   0.0
        D:8 |      78 |       0 |   0.0 |       1 |       0 |   0.0
    Ossuary |       0 |     301 | 100.0 |       0 |      36 | 100.0
            +---------+---------+-------+---------+---------+-------
